Map: Gresvan LE

Players

A.I. 1 (Very Easy) - Winner!

  • Race: Protoss Protoss
  • Spawn Location: 5:00

Lonk

  • Race: Zerg Zerg
  • Spawn Location: 11:00

VOD

Have the link to the VOD?

Description

Time

  • Played on: April 14, 2023, 6:17 p.m.
  • Length: 4:04
Show
View Real Time Build Order
Export as new Build Order

A.I. 1 (Very Easy) Protoss - Winner!

Build Orders: 1 Gate Expand, Nexus First 

Get SALT Encoding   

  12  0:00  Stalker, Zealot, Probe x2, Warp Gate  
  12  0:03  Probe  
  13  0:08  Pylon  
  13  0:11  Probe, Pylon  
  13  0:13  Assimilator  
  14  0:14  Nexus  
  14  0:15  Assimilator  
  14  0:18  Probe  
  14  0:20  Gateway  
  15  0:25  Probe  
  15  0:26  Cybernetics Core  
  20  0:32  Probe  
  21  0:39  Probe  
  22  0:46  Probe  
  23  0:53  Probe  
  26  2:35  Observer  
  26  2:36  Observer  
  26  2:37  Probe  
  26  2:44  Probe  
  26  2:49  Zealot  
  26  2:50  Pylon  
  29  2:51  Probe  
  29  2:53  Robotics Facility  
  32  2:58  Probe  
  33  3:05  Probe  
  34  3:12  Probe  
  35  3:20  Probe  
  36  3:27  Probe  
  37  3:34  Probe  
  38  3:41  Probe  
  39  3:48  Probe  
  40  3:57  Sentry  
Show
View Real Time Build Order
Export as new Build Order

Lonk Zerg 

Build Orders: Hatch First 

Get SALT Encoding   

  12  -1:59  Lair  
  1  0:00  Zerg Flyer Armor Level 2, Zerg Melee Weapons Level 3, Zerg Melee Weapons Level 2, Zerg Ground Armor Level 3, Drone x19, Zerg Missile Weapons Level 1, Zerg Flyer Weapons Level 3, Zerg Melee Weapons Level 1, Zerg Flyer Armor Level 3, Zerg Flyer Weapons Level 2, Zerg Ground Armor Level 2, Zerg Ground Armor Level 1, Zerg Missile Weapons Level 2, Zerg Missile Weapons Level 3  
  12  0:10  Zerg Flyer Armor Level 1, Zerg Flyer Weapons Level 1  
  12  0:12  Adrenal Glands, Hive  
  31  0:19  Hatchery  
  30  0:22  Extractor  
  30  0:24  Metabolic Boost  
  30  0:27  Spawning Pool  
  28  0:29  Burrow  
  28  0:30  Evolution Chamber  
  28  0:35  Drone x16, Roach Warren  
  26  0:36  Drone x3  
  26  0:37  Baneling Nest, Glial Reconstitution, Tunneling Claws  
  26  0:39  Centrifugal Hooks  
  25  0:43  Spine Crawler  
  25  0:46  Spore Crawler  
  25  0:49  Grooved Spines  
  42  0:50  Muscular Augments  
  42  0:55  Pneumatized Carapace  
  42  0:56  Neural Parasite  
  42  0:58  Greater Spire  
  42  0:59  Chitinous Plating  
  42  1:04  Hydralisk Den  
  42  1:08  Infestation Pit  
  40  1:12  Lurker Den  
  40  1:15  Adaptive Talons  
  40  1:16  Seismic Spines  
  40  1:18  Nydus Network, Pathogen Glands, Spire  
  37  1:34  Ultralisk Cavern, Anabolic Synthesis  
  36  1:59  Ultralisk  
  36  2:00  Infestor  
  36  2:06  Corruptor  
  36  2:08  Viper, Swarm Host  
  36  2:09  Hydralisk  
  36  2:10  Mutalisk  
  36  2:13  Overlord  
  36  2:14  Roach  
  36  2:15  Zergling x2  
  36  2:20  Nydus Canal  
  47  2:38  Brood Lord  
  59  2:46  Ravager  
  60  2:54  Overlord  
  60  2:55  Overseer  
  62  3:13  Overseer  
  62  3:33  Lurker  
  63  3:40  Baneling  
Tags
 
Add a new tag
Caveats
  • Supply blocks, unpowered buildings, or Contaminate may cause inaccurate times.
  • Supply counts are checked every 10 seconds.